[Event "Team 45 45 League T68"]
[Site "Internet Chess Club"]
[Date "2016.04.02"]
[Round "4"]
[White "TwinsburgOHUSA"]
[Black "Visin"]
[Result "1-0"]
[WhiteElo "1440"]
[BlackElo "1253"]
[Opening "Scotch gambit"]
[ECO "C44"]
[Time "06:33:30"]
[TimeControl "2700+45"]

1. e4 e5 2. Nf3 Nc6 3. d4 exd4 4. Bc4 f6 5. O-O Bc5 6. c3 dxc3 7. Bf7+ Kxf7 8.
Qd5+ Kf8 9. Qxc5+ Qe7 10. Qxc3 d6 11. Re1 Bg4 12. b3 Ne5 13. Nbd2 Qd7 14. Nxe5
dxe5 15. Nc4 Ne7 16. Qb4 b6 17. f4 exf4 18. Bxf4 c5 19. Qc3 Qd4+ 20. Qe3 Qxe3+
21. Nxe3 Bh5 22. g4 Bg6 23. Bd6 Ke8 24. Nf5 Kf7 25. Nxe7 Rad8 26. e5 Rhe8 27.
e6+ Kf8 28. Nxg6+ Kg8 29. Bxc5 hxg6 30. Ba3 a5 31. e7 Rd7 32. Rad1 Rxd1 33. Rxd1
Rc8 34. Rd8+ Rxd8 35. exd8=Q+ {Black resigns} 1-0

[Event "Team 45 45 League T68"]
[Site "Internet Chess Club"]
[Date "2016.04.05"]
[Round "4"]
[White "mejker"]
[Black "avila"]
[Result "1/2-1/2"]
[WhiteElo "2127"]
[BlackElo "1949"]
[Opening "Queen's pawn, Mason variation"]
[ECO "D00"]
[Time "14:06:48"]
[TimeControl "2700+45"]

1. d4 d5 2. Bf4 Nf6 3. e3 c5 4. Nf3 Nc6 5. c3 Qb6 6. Qb3 c4 7. Qc2 Bf5 8. Qc1 h6
9. Nbd2 Na5 10. Be2 e6 11. O-O Be7 12. b3 cxb3 13. axb3 Nxb3 14. Nxb3 Qxb3 15.
Nd2 Qb6 16. c4 O-O 17. c5 Qc6 18. Qb2 Nd7 19. Bb5 Qc8 20. Nf3 Bf6 21. Rfc1 Nb8
22. Ne5 Bxe5 23. Bxe5 Nc6 24. Bd6 Rd8 25. Ra3 a6 26. Be2 Qd7 27. Qb6 Na7 {Game
drawn by mutual agreement} 1/2-1/2

[Event "Team 45 45 League T68"]
[Site "Internet Chess Club"]
[Date "2016.04.05"]
[Round "4"]
[White "bss2005"]
[Black "modiglani"]
[Result "1-0"]
[WhiteElo "1919"]
[BlackElo "1897"]
[Opening "Robatsch defense: two knights variation"]
[ECO "B06"]
[Time "12:00:08"]
[TimeControl "2700+45"]

1. e4 g6 2. d4 Bg7 3. Nf3 d6 4. Nc3 a6 5. a4 Bg4 6. Bc4 e6 7. Be3 Nd7 8. h3 Bxf3
9. Qxf3 Ne7 10. a5 O-O 11. O-O c6 12. Bb3 d5 13. Rfd1 b5 14. axb6 Nxb6 15. Ra2
f5 16. e5 f4 17. Bd2 g5 18. Na4 Nxa4 19. Bxa4 Qb6 20. Qg4 Nf5 21. Qxg5 Nxd4 22.
Qg4 Kh8 23. c3 Nf5 24. Bxf4 Rg8 25. Qh5 Raf8 26. Bc2 Bh6 27. Bxh6 Ng3 28. Be3
Qxe3 29. Qxh7# {Black checkmated} 1-0

[Event "Team 45 45 League T68"]
[Site "Internet Chess Club"]
[Date "2016.04.02"]
[Round "4"]
[White "PolishRyszard"]
[Black "Knight8700"]
[Result "0-1"]
[WhiteElo "1889"]
[BlackElo "1864"]
[Opening "Levitsky attack (Queen's bishop attack)"]
[ECO "D00"]
[Time "13:01:13"]
[TimeControl "2700+45"]

1. d4 d5 2. Bg5 g6 3. c4 c6 4. cxd5 cxd5 5. Nc3 Bg7 6. e3 Nf6 7. Qb3 Nc6 8. Nf3
O-O 9. Be2 Na5 10. Qa3 h6 11. Bh4 Nc4 12. Bxc4 dxc4 13. O-O Bf5 14. Bxf6 exf6
15. e4 Bg4 16. Rad1 Re8 17. Qa4 f5 18. e5 Bxf3 19. gxf3 Qg5+ 20. Kh1 Qf4 21. Kg2
a6 22. Ne2 Qg5+ 23. Kh1 b5 24. Qa3 f4 25. Rg1 Qf5 26. Rg4 g5 27. Rdg1 f6 28.
Nxf4 fxe5 29. Qc5 Qf7 30. Ng2 Qxf3 31. Rg3 Qxf2 32. Qd5+ Qf7 33. Qc6 exd4 34.
Rf3 Rac8 35. Rxf7 Rxc6 36. Rd7 d3 37. b3 Ree6 38. bxc4 bxc4 39. Rb1 Red6 40.
Rb8+ Kh7 41. Rf7 d2 42. Ne3 d1=Q+ 43. Nxd1 Rxd1+ 44. Kg2 Rd2+ 45. Kh3 Rxa2 46.
Rbb7 Rg6 47. Rbc7 Rc2 48. Ra7 c3 49. Rfc7 Rc1 50. Kg2 Rc2+ 51. Kg3 Rd2 52. Rxc3
h5 53. Rcc7 Kh6 54. Kf3 Rxh2 55. Ke3 g4 56. Rc5 g3 57. Rf7 g2 {White resigns}
0-1

[Event "Team 45 45 League T68"]
[Site "Internet Chess Club"]
[Date "2016.03.31"]
[Round "4"]
[White "Knight77"]
[Black "junard"]
[Result "1-0"]
[WhiteElo "1780"]
[BlackElo "1929"]
[Opening "Réti: King's Indian attack (Barcza system)"]
[ECO "A07"]
[Time "19:22:35"]
[TimeControl "2700+45"]

1. Nf3 d5 2. g3 c6 3. d3 Bg4 4. Bg2 Nd7 5. O-O Ngf6 6. Nbd2 e6 7. Re1 Be7 8. h3
Bh5 9. g4 Bg6 10. e4 O-O 11. e5 Ne8 12. Nf1 a5 13. Ng3 b5 14. c3 Rb8 15. g5 b4
16. h4 Nc5 17. Bf1 Nc7 18. h5 Bf5 19. Nd4 Rb6 20. Ngxf5 exf5 21. cxb4 axb4 22.
Nxf5 Bxg5 23. Qg4 N5e6 24. f4 Be7 25. Nxe7+ Qxe7 26. f5 Qc5+ 27. Be3 d4 28. Bf2
Nd8 29. Bxd4 Qb5 30. f6 g6 31. Bxb6 Qxb6+ 32. Kh1 Nde6 33. hxg6 fxg6 34. Bg2 Rd8
35. Rf1 Kf7 36. Qh4 h5 37. Be4 Rg8 38. Rg1 Nf8 39. Bxg6+ Rxg6 40. Qxh5 Nce6 41.
Rxg6 Nxg6 42. Qh7+ Kf8 43. Qxg6 Qf2 44. Qg4 {Black resigns} 1-0

[Event "Team 45 45 League T68"]
[Site "Internet Chess Club"]
[Date "2016.04.03"]
[Round "4"]
[White "frontier"]
[Black "jonesey"]
[Result "1/2-1/2"]
[WhiteElo "1927"]
[BlackElo "2009"]
[Opening "English: Botvinnik system"]
[ECO "A25"]
[Time "18:04:36"]
[TimeControl "2700+45"]

1. c4 g6 2. Nc3 Bg7 3. g3 e5 4. Bg2 Nc6 5. e4 d6 6. d3 Nge7 7. Nge2 Bg4 8. h3
Bd7 9. Be3 Qc8 10. Qd2 Nd4 11. Nd5 Nxd5 12. cxd5 Nxe2 13. Qxe2 O-O 14. Rc1 f5
15. f4 a5 16. exf5 Bxf5 17. g4 exf4 18. gxf5 Re8 19. Be4 gxf5 20. Bxf4 fxe4 21.
dxe4 Qd7 22. Kd1 Qa4+ 23. b3 Qd4+ 24. Bd2 Rxe4 25. Qg2 Rf8 26. Rxc7 Qa1+ 27. Rc1
Qe5 28. Rg1 Kh8 29. Rc7 Qa1+ 30. Rc1 Qd4 31. Rc7 Qa1+ 32. Rc1 Qe5 {Game drawn by
mutual agreement} 1/2-1/2

[Event "Team 45 45 League T68"]
[Site "Internet Chess Club"]
[Date "2016.04.04"]
[Round "4"]
[White "fledermaus"]
[Black "LittleButton"]
[Result "1/2-1/2"]
[WhiteElo "1906"]
[BlackElo "1861"]
[Opening "QGD: Janowski variation"]
[ECO "D31"]
[Time "13:33:09"]
[TimeControl "2700+45"]

1. d4 d5 2. c4 e6 3. Nc3 a6 4. cxd5 exd5 5. Bf4 Bd6 6. Nxd5 c6 7. Bxd6 Qxd6 8.
Nc3 Nf6 9. e3 O-O 10. Nf3 Bg4 11. Be2 Nbd7 12. O-O Rfe8 13. Qb3 Nf8 14. Ne5 Be6
15. Bc4 c5 16. Nxf7 Kxf7 17. d5 Bd7 18. a4 Ng6 19. Rfe1 Ng4 20. g3 N6e5 21. Be2
Qh6 22. h4 Qg6 23. Nb1 Kg8 24. Nd2 Nxf2 25. Kxf2 Rf8+ 26. Kg2 Qf5 27. e4 {Game
drawn by mutual agreement} 1/2-1/2

[Event "Team 45 45 League T68"]
[Site "Internet Chess Club"]
[Date "2016.04.02"]
[Round "4"]
[White "laurenpar"]
[Black "ChessRooklift"]
[Result "1-0"]
[WhiteElo "1964"]
[BlackElo "1815"]
[Opening "English opening"]
[ECO "A16"]
[Time "22:02:38"]
[TimeControl "2700+45"]

1. c4 Nf6 2. Nc3 g6 3. g3 Bg7 4. Bg2 c6 5. e4 d6 6. Nge2 e5 7. O-O Be6 8. b3 Na6
9. h3 Qd7 10. Kh2 h5 11. f3 d5 12. cxd5 cxd5 13. exd5 Nxd5 14. Nxd5 Bxd5 15. Bb2
h4 16. g4 O-O 17. d4 exd4 18. Bxd4 Bc6 19. Bxg7 Qc7+ 20. f4 Kxg7 21. Rc1 Rad8
22. Qe1 Rd3 23. Rf3 Rfd8 24. Rxd3 Rxd3 25. Bxc6 bxc6 26. Rc3 Qd6 27. Rxd3 Qxd3
28. Qc3+ Qxc3 29. Nxc3 f5 30. Ne2 c5 31. Nc1 Kf7 32. Nd3 Nb4 33. Ne5+ Kg7 34. a3
Nd5 35. Nd3 Kf7 36. g5 Ke7 37. Kg2 Ne3+ 38. Kf3 Nc2 39. Nxc5 Nxa3 40. Nd3 Nc2
41. b4 Kf8 42. Ke2 Nd4+ 43. Ke3 Nc2+ 44. Kd2 Nd4 45. Ne5 Kg7 46. Kd3 Ne6 47. Ke3
Nc7 48. Nc6 a6 49. Kd4 Ne6+ 50. Ke5 Kf7 51. Nd4 Ng7 52. Nf3 Nh5 53. Nxh4 Ng3 54.
Ng2 Ne2 55. Kd5 Nc3+ 56. Kc5 Ne4+ 57. Kb6 Ke6 58. Kxa6 Kd6 59. b5 Kc5 60. b6 Nd6
61. Nh4 Nc4 62. b7 {Black resigns} 1-0

[Event "Team 45 45 League T68"]
[Site "Internet Chess Club"]
[Date "2016.04.01"]
[Round "4"]
[White "Heian"]
[Black "otherook"]
[Result "0-1"]
[WhiteElo "1691"]
[BlackElo "1779"]
[Opening "Caro-Kann defense"]
[ECO "B10"]
[Time "17:00:33"]
[TimeControl "2700+45"]

1. e4 c6 2. Nf3 d6 3. d4 Bg4 4. Bc4 Nf6 5. e5 dxe5 6. Nxe5 Qa5+ 7. Bd2 Qxe5+ 8.
dxe5 Bxd1 9. exf6 Bxc2 10. Na3 Bg6 11. fxe7 Bxe7 12. O-O O-O 13. Nb1 Bf6 14. Nc3
Nd7 15. Bf4 Be5 16. Rad1 Bxf4 17. Rxd7 Rab8 18. g3 Bf5 19. Re7 Bd6 20. Re3 Rfe8
21. Rfe1 Kf8 22. Rxe8+ Rxe8 23. Rxe8+ Kxe8 24. Kg2 Ke7 25. Kf3 Be5 26. Ke3 f6
27. f4 Bxc3 28. bxc3 Be6 29. Bd3 Bxa2 30. Bxh7 a5 31. h4 Be6 32. Kd2 b5 33. Kc2
c5 34. Bd3 b4 35. c4 a4 36. Kb2 Bg4 37. Bc2 a3+ 38. Kb3 Be2 39. Bb1 Kd6 40. Ka4
Bxc4 41. g4 a2 42. Bxa2 Bxa2 43. h5 Bd5 44. g5 fxg5 45. fxg5 Bf7 46. g6 Bxg6 47.
hxg6 Kd5 48. Kb3 Kd4 49. Kc2 c4 50. Kd2 b3 51. Kd1 c3 52. Kc1 Kd3 53. Kb1 Kd2
54. Ka1 c2 55. Kb2 c1=Q+ 56. Kxb3 Qc3+ 57. Ka2 Qb4 58. Ka1 Kc2 59. Ka2 Qb2#
{White checkmated} 0-1

[Event "Team 45 45 League T68"]
[Site "Internet Chess Club"]
[Date "2016.03.30"]
[Round "4"]
[White "parrot9"]
[Black "FrankNautilus"]
[Result "1/2-1/2"]
[WhiteElo "1718"]
[BlackElo "1707"]
[Opening "Alekhine's defense: modern, Larsen variation"]
[ECO "B04"]
[Time "15:00:17"]
[TimeControl "2700+45"]

1. e4 Nf6 2. e5 Nd5 3. Nf3 d6 4. d4 dxe5 5. dxe5 Bg4 6. Be2 e6 7. O-O Be7 8. h3
Bh5 9. c3 O-O 10. Nd4 Bxe2 11. Qxe2 c6 12. Nd2 Nd7 13. f4 Qb6 14. Kh1 Bc5 15.
N2b3 Be7 16. f5 exf5 17. Nxf5 Qc7 18. Bh6 gxh6 19. Qg4+ Bg5 20. Nxh6+ Kh8 21.
Nxf7+ Rxf7 22. Rxf7 Nxe5 23. Rxc7 Nxg4 24. Rxb7 Nf2+ 25. Kg1 Be3 26. Kf1 Rf8 27.
Ke2 Ne4 28. Kd3 Nf2+ 29. Ke2 Re8 30. Kf3 Rf8+ 31. Ke2 {Game drawn by repetition}
1/2-1/2

[Event "Team 45 45 League T68"]
[Site "Internet Chess Club"]
[Date "2016.04.01"]
[Round "4"]
[White "QuieroAprender"]
[Black "crazyhorses"]
[Result "1-0"]
[WhiteElo "1613"]
[BlackElo "1379"]
[Opening "Ruy Lopez: exchange, Gligoric variation"]
[ECO "C69"]
[Time "15:00:42"]
[TimeControl "2700+45"]

1. e4 e5 2. Nf3 Nc6 3. Bb5 a6 4. Bxc6 dxc6 5. O-O f6 6. d4 Bg4 7. dxe5 Qxd1 8.
Rxd1 fxe5 9. Nc3 Bd6 10. Rd3 O-O-O 11. h3 Bd7 12. Be3 Kb8 13. Rad1 Rf8 14. Nxe5
Bxh3 15. gxh3 Bxe5 16. Rd8+ Rxd8 17. Rxd8# {Black checkmated} 1-0

[Event "Team 45 45 League T68"]
[Site "Internet Chess Club"]
[Date "2016.03.30"]
[Round "4"]
[White "PsyMar"]
[Black "isolani"]
[Result "0-1"]
[WhiteElo "1397"]
[BlackElo "1438"]
[Opening "Pirc: Ufimtsev-Pytel variation"]
[ECO "B07"]
[Time "17:00:48"]
[TimeControl "2700+45"]

1. e4 d6 2. d4 Nf6 3. Nc3 c6 4. f4 Bg4 5. Be2 Bxe2 6. Ngxe2 e6 7. O-O Be7 8. e5
dxe5 9. fxe5 Nd5 10. Bd2 O-O 11. Ng3 c5 12. Nxd5 Qxd5 13. Be3 Nc6 14. c3 Rad8
15. Qg4 cxd4 16. cxd4 Nxd4 17. Rad1 Qxe5 18. Bxd4 Rxd4 19. Rxd4 Bc5 20. Ne2 Qe3+
21. Kh1 Bxd4 22. Nxd4 Qd3 23. Rd1 Qc4 24. b3 Qa6 25. a4 Qb6 26. Qf4 Rd8 27. h3
h6 28. Qe3 Qd6 29. Rd2 Qc5 30. g4 e5 31. b4 Qc1+ 32. Kg2 Rxd4 33. Rd3 Qc2+
{White resigns} 0-1

[Event "Team 45 45 League T68"]
[Site "Internet Chess Club"]
[Date "2016.04.03"]
[Round "4"]
[White "Elalfer"]
[Black "Skeptic1972"]
[Result "1-0"]
[WhiteElo "1607"]
[BlackElo "1562"]
[Opening "QGD: 4.Nf3"]
[ECO "D37"]
[Time "13:59:53"]
[TimeControl "2700+45"]

1. d4 e6 2. c4 Nf6 3. Nf3 d5 4. Nc3 Be7 5. e3 O-O 6. Bd3 Nbd7 7. O-O b6 8. Re1
Bb7 9. e4 dxe4 10. Nxe4 Nxe4 11. Bxe4 Bxe4 12. Rxe4 Nf6 13. Re2 c5 14. Be3 Ng4
15. h3 Nxe3 16. fxe3 cxd4 17. exd4 Rc8 18. b3 Qd6 19. d5 Rfd8 20. Rd2 Qc5+ 21.
Kf1 exd5 22. Rxd5 Rxd5 23. Qxd5 Qxd5 24. cxd5 Rc2 25. Rd1 Bd6 26. Nd4 Rc7 27. a4
Kf8 28. Rd3 Ke8 29. Nf5 Bf8 30. Ke2 g6 31. Nd4 a6 32. Kf3 Kd7 33. Ke4 f5+ 34.
Kf4 Bh6+ 35. Kf3 Rc5 36. Ne6 Kd6 37. Nxc5 bxc5 {Black resigns} 1-0

[Event "Team 45 45 League T68"]
[Site "Internet Chess Club"]
[Date "2016.04.02"]
[Round "4"]
[White "Gojira"]
[Black "portis2"]
[Result "0-1"]
[WhiteElo "1600"]
[BlackElo "1558"]
[Opening "Queen's pawn game"]
[ECO "A46"]
[Time "06:23:56"]
[TimeControl "2700+45"]

1. d4 Nf6 2. Nf3 e6 3. Bf4 b6 4. e3 Bb7 5. Nbd2 c5 6. c3 Nc6 7. Bd3 d5 8. O-O
Be7 9. h3 O-O 10. Ne5 Rc8 11. Qa4 a6 12. Bxa6 Bxa6 13. Nxc6 Rxc6 14. Qxc6 Bxf1
15. Kxf1 Qd7 16. Qxb6 c4 17. b4 Ne8 18. a4 Nd6 19. f3 Ra8 20. Ke2 g5 21. Bg3 Nf5
22. Bh2 Rxa4 23. Rxa4 Qxa4 24. g4 Nh4 25. Qb8+ Kg7 26. Be5+ f6 27. Qc7 Kf7 28.
Bd6 Ng6 29. Bxe7 Nxe7 30. Qa5 Qc2 31. b5 e5 32. dxe5 d4 33. exd4 Nd5 34. e6+ Kg6
35. Qa1 Nf4+ 36. Ke1 Ng2+ 37. Ke2 Qd3+ 38. Kd1 Ne3+ {White resigns} 0-1

[Event "Team 45 45 League T68"]
[Site "Internet Chess Club"]
[Date "2016.04.01"]
[Round "4"]
[White "scostanzo212"]
[Black "Ajolote"]
[Result "0-1"]
[WhiteElo "1510"]
[BlackElo "1665"]
[Opening "English: Carls' Bremen system"]
[ECO "A22"]
[Time "20:01:05"]
[TimeControl "2700+45"]

1. c4 Nf6 2. Nc3 e5 3. g3 Bc5 4. Bg2 O-O 5. e3 Nc6 6. Nge2 Re8 7. O-O d6 8. d4
exd4 9. exd4 Bb6 10. Qd3 Nb4 11. Qd2 Bf5 12. Bxb7 Rb8 13. Bf3 Nc2 14. Qf4 Bh3
15. Rb1 Bxf1 16. Kxf1 Nb4 17. a3 Nd3 18. Qd2 Nxc1 19. Qxc1 Qd7 20. b4 a6 21. b5
axb5 22. cxb5 Qh3+ 23. Kg1 Ng4 24. Bxg4 Qxg4 25. Qd2 Ba5 26. Nf4 Qf3 27. Nfd5
Qxd5 28. Nxd5 Bxd2 29. Nxc7 Re1+ 30. Rxe1 Bxe1 31. a4 Bc3 32. Na6 Rb7 33. d5 Kf8
34. Kf1 Ke8 35. Ke2 Kd8 36. Kd3 Ba5 37. Kc4 Kc8 38. Nb4 Bxb4 39. Kxb4 Re7 40.
Ka5 Kb7 41. f4 Re4 42. f5 Rd4 43. h3 Rxd5 44. g4 Rd4 45. g5 d5 46. b6 Rf4 47.
Kb5 d4 48. a5 Rxf5+ 49. Kb4 Rxa5 50. Kxa5 d3 {White resigns} 0-1

[Event "Team 45 45 League T68"]
[Site "Internet Chess Club"]
[Date "2016.04.02"]
[Round "4"]
[White "Insan996"]
[Black "Berke"]
[Result "1/2-1/2"]
[WhiteElo "1594"]
[BlackElo "1519"]
[Opening "Queen's pawn game"]
[ECO "A46"]
[Time "17:07:19"]
[TimeControl "2700+45"]

1. d4 Nf6 2. Nf3 c5 3. e3 b6 4. c4 Bb7 5. d5 g6 6. b3 Bg7 7. Bb2 d6 8. Be2 O-O
9. O-O e5 10. Nc3 a6 11. a4 a5 12. Qc2 Qe7 13. Nd2 Bc8 14. e4 Ng4 15. Bxg4 Bxg4
16. f3 Bd7 17. Ndb1 f5 18. Na3 f4 19. Nab5 Na6 20. Bc1 g5 21. h3 Rf6 22. Qe2 Rg6
23. Nd1 Bf8 24. Nf2 h5 25. Bd2 Qg7 26. Kh2 h4 27. Ng4 Bxg4 28. hxg4 Qh6 {Game
drawn by mutual agreement} 1/2-1/2

[Event "Team 45 45 League T68"]
[Site "Internet Chess Club"]
[Date "2016.04.02"]
[Round "4"]
[White "rubo"]
[Black "zorori"]
[Result "0-1"]
[WhiteElo "1625"]
[BlackElo "1520"]
[Opening "King's Indian: London system"]
[ECO "A48"]
[Time "21:34:11"]
[TimeControl "2700+45"]

1. d4 Nf6 2. Nf3 g6 3. Bf4 Bg7 4. e3 O-O 5. Bd3 d5 6. h3 Re8 7. O-O Nc6 8. c3
Be6 9. Qc2 Ne4 10. Nbd2 Nxd2 11. Qxd2 a6 12. Rfe1 Bd7 13. Ne5 Nxe5 14. dxe5 Bc6
15. Qc2 e6 16. Rad1 Qe7 17. e4 Rad8 18. exd5 Bxd5 19. a3 Qc5 20. Be4 Bc4 21.
Rxd8 Rxd8 22. Bxb7 c6 23. Qe4 Bd5 24. Qb4 Qa7 25. Be3 Qb8 26. Bxa6 Qxe5 27. Re2
Bc4 28. Bd4 Qxe2 29. Bxc4 Qe1+ 30. Bf1 Bxd4 31. cxd4 Qxb4 32. axb4 Rxd4 33. b5
cxb5 34. Bxb5 Rb4 35. Bc6 Rxb2 36. g4 Kg7 37. Kg2 Kf6 38. h4 Rb3 39. Be8 e5 40.
g5+ Ke7 41. Bc6 f6 42. Bd5 Rb8 43. gxf6+ Kxf6 44. Be4 Rb4 45. f3 h5 46. Kg3 g5
47. hxg5+ Kxg5 48. Bc6 Rb6 49. Be4 Rh6 50. Ba8 h4+ 51. Kh3 Kf4 52. Be4 Rb6 53.
Kg2 Rb2+ 54. Kh3 Rf2 55. Bb7 Rxf3+ 56. Kxh4 e4 57. Ba6 Ra3 58. Bc4 Ra7 59. Kh3
Kf3 60. Kh2 Kf2 61. Kh3 e3 62. Bd3 Ra3 63. Bb5 e2+ 64. Kh2 e1=Q 65. Bf1 Qe3
{White resigns} 0-1

[Event "Team 45 45 League T68"]
[Site "Internet Chess Club"]
[Date "2016.04.02"]
[Round "4"]
[White "houseofcook"]
[Black "nosir"]
[Result "0-1"]
[WhiteElo "1420"]
[BlackElo "1513"]
[Opening "Sicilian: Smith-Morra gambit"]
[ECO "B21"]
[Time "10:00:31"]
[TimeControl "2700+45"]

1. e4 c5 2. d4 cxd4 3. c3 e6 4. cxd4 Nc6 5. Nf3 g6 6. Nc3 Bg7 7. Be2 Nf6 8. O-O
d6 9. Bg5 Qc7 10. h3 a6 11. Qd2 O-O 12. Bh6 b5 13. Bxg7 Kxg7 14. a3 Bb7 15. b4
Rad8 16. Qb2 Kg8 17. Rac1 Qb8 18. Rfd1 Ne7 19. Bd3 Qa8 20. Re1 Rfe8 21. Qd2 Kg7
22. Rc2 Rc8 23. Qc1 Nc6 24. Qf4 e5 25. dxe5 dxe5 26. Qh4 Rcd8 27. Rd2 Nd4 28.
Nxd4 Rxd4 29. Ree2 Red8 30. Qg3 Qb8 31. Re3 Nxe4 32. Nxe4 Bxe4 33. Kf1 Qd6 34.
Ke2 f6 35. h4 a5 36. f3 Bxd3+ 37. Rdxd3 Rxd3 38. f4 {White resigns} 0-1

[Event "Team 45 45 League T68"]
[Site "Internet Chess Club"]
[Date "2016.04.01"]
[Round "4"]
[White "g8wrb"]
[Black "Visin"]
[Result "0-1"]
[WhiteElo "1256"]
[BlackElo "1262"]
[Opening "Ruy Lopez: Steinitz defense deferred (Russian defense)"]
[ECO "C79"]
[Time "13:01:36"]
[TimeControl "2700+45"]

1. e4 e5 2. Nf3 Nc6 3. Bb5 a6 4. Ba4 d6 5. O-O Nf6 6. Qe2 Be7 7. c3 Bd7 8. Rd1
O-O 9. d3 h6 10. Bb3 Nh7 11. d4 Bg4 12. dxe5 Nxe5 13. Nbd2 Ng5 14. Qe3 Bxf3 15.
Nxf3 Ngxf3+ 16. gxf3 Bh4 17. Bd2 Qf6 18. Kg2 Qg6+ 19. Kf1 Kh8 20. Qf4 Bg5 21.
Qf5 Qxf5 22. exf5 Bxd2 23. Rxd2 Nxf3 24. Rd5 Nxh2+ 25. Kg2 Ng4 26. Bd1 Nf6 27.
Rd4 Rfe8 28. Bf3 Rab8 29. Rb4 b5 30. Rd1 Re5 31. Rf4 Rbe8 32. Bb7 a5 33. Bc6
R8e7 34. Rd2 Ne4 35. Re2 Nf6 36. Rd2 Re2 37. Rxe2 Rxe2 38. Bxb5 Rxb2 39. Bc4 Kg8
40. Rf3 Rb8 41. Rd3 Re8 42. Rd2 Kf8 43. Rb2 Ne4 44. Rb7 Rc8 45. Ra7 Nxc3 46.
Rxa5 Ne4 47. Ra7 Nd2 48. Ba6 Rb8 49. Rxc7 Ra8 50. Rc6 d5 51. Rd6 Ne4 52. Rc6 d4
53. Bc4 Rd8 54. f3 Nf6 55. Bd3 Nd5 56. Bc4 Nb4 57. Rc7 Nd5 58. Bxd5 Rxd5 59. Kf1
Ra5 60. Rd7 Rxa2 61. Rxd4 Ke7 62. Rg4 Kf6 63. Rg3 Ra5 64. Ke2 Rxf5 65. Ke3 Ra5
66. Ke4 g6 67. f4 h5 68. Kd4 Ra4+ 69. Ke3 Ra3+ 70. Kf2 Rxg3 71. Kxg3 Kf5 72. Kf3
f6 73. Kg3 g5 74. fxg5 Kxg5 {White resigns} 0-1

[Event "Team 45 45 League T68"]
[Site "Internet Chess Club"]
[Date "2016.04.01"]
[Round "4"]
[White "smsxman"]
[Black "SeniorCitizen"]
[Result "1-0"]
[WhiteElo "1327"]
[BlackElo "1293"]
[Opening "French defense"]
[ECO "C00"]
[Time "10:00:27"]
[TimeControl "2700+45"]

1. e4 e6 2. Nc3 d5 3. exd5 exd5 4. d4 Nf6 5. Nf3 Be7 6. Be2 O-O 7. O-O Be6 8.
Bf4 c6 9. a3 Nbd7 10. b4 Ne4 11. Na4 Ndf6 12. Be5 Bd6 13. Bd3 Bg4 14. Be2 Bxf3
15. Bxf3 Ng5 16. Bxd6 Nxf3+ 17. Qxf3 Qxd6 18. Nc5 Rab8 19. Rfe1 Nd7 20. Nd3 Qf6
21. Qg4 Nb6 22. Ne5 Rbd8 23. a4 Qd6 24. a5 Nd7 25. Nxd7 Qxd7 26. Qh4 Rfe8 27. c3
Rxe1+ 28. Rxe1 Re8 29. Rxe8+ Qxe8 30. g3 Qe1+ 31. Kg2 Qe4+ 32. Qxe4 dxe4 33. g4
g6 34. g5 f5 35. gxf6 Kf7 36. Kg3 Kxf6 37. Kf4 Ke6 38. Kxe4 g5 39. h3 h6 40. c4
b6 41. d5+ cxd5+ 42. cxd5+ Kd6 43. a6 b5 44. f3 h5 45. Kf5 Kxd5 46. Kxg5 Kc4 47.
f4 Kxb4 48. f5 Ka4 49. f6 b4 50. f7 b3 51. f8=Q b2 52. Qb8 Ka3 53. Kxh5 Ka2 54.
Kg5 b1=Q 55. Qxb1+ {Black resigns} 1-0

[Event "Team 45 45 League T68"]
[Site "Internet Chess Club"]
[Date "2016.04.03"]
[Round "4"]
[White "bardu"]
[Black "clarinetref"]
[Result "0-1"]
[WhiteElo "1413"]
[BlackElo "1638"]
[Opening "Modern defense: Averbakh system"]
[ECO "A40"]
[Time "19:08:09"]
[TimeControl "2700+45"]

1. d4 g6 2. c4 Bg7 3. e4 d6 4. Nc3 Nd7 5. Nf3 Ngf6 6. Be2 c6 7. O-O O-O 8. Re1
Qc7 9. Bf1 e5 10. Rb1 a6 11. b4 exd4 12. Nxd4 c5 13. bxc5 dxc5 14. Nf3 Ne5 15.
Bf4 Nxf3+ 16. Qxf3 Qa5 17. Nd5 Nxd5 18. cxd5 Qxa2 19. d6 Qe6 20. e5 Rb8 21. Bxa6
b6 22. Bb5 Bb7 23. Bc6 Bxc6 24. Qxc6 Rfc8 25. Qa4 c4 26. d7 Rd8 27. Qa7 Ra8 28.
Qb7 Qxd7 29. Qxb6 Qe6 30. Qxe6 fxe6 31. Rec1 Rac8 32. Rc2 Rd4 33. Bg3 Rcd8 34.
Kf1 Rc8 35. Ke2 Re4+ 36. Kd2 Rd8+ 37. Kc3 Rd3+ 38. Kb4 Bf8+ 39. Kb5 Rb3+ 40.
Rxb3 cxb3 41. Rb2 Rb4+ 42. Kc6 Rb8 43. Kd7 Kf7 44. Bf4 Ba3 45. Rb1 Rb4 46. Bd2
Rd4+ 47. Kc6 b2 48. Be3 Rc4+ 49. Kb5 Rc1 50. Rxc1 bxc1=Q 51. Bxc1 Bxc1 52. Kc4
Bf4 53. Kd4 Bxh2 54. g3 Bg1 55. Ke3 g5 56. Kf3 Kg6 57. Kg2 Bxf2 58. Kxf2 Kf5 59.
Ke3 Kxe5 60. g4 h6 61. Kf3 Kd4 62. Kg3 Ke4 {White resigns} 0-1

[Event "Team 45 45 League T68"]
[Site "Internet Chess Club"]
[Date "2016.04.03"]
[Round "4"]
[White "kutch"]
[Black "herrahuu"]
[Result "1-0"]
[WhiteElo "1521"]
[BlackElo "1434"]
[Opening "QGD semi-Slav: 5.e3"]
[ECO "D45"]
[Time "11:00:55"]
[TimeControl "2700+45"]

1. d4 c6 2. c4 d5 3. e3 Nf6 4. Nc3 e6 5. Nf3 Bb4 6. Bd2 O-O 7. Bd3 dxc4 8. Bxc4
Nbd7 9. O-O Re8 10. Qc2 Nd5 11. a3 Bxc3 12. bxc3 e5 13. e4 N5f6 14. Bg5 h6 15.
Bh4 g5 16. Bg3 exd4 17. e5 Nh5 18. Qg6+ Ng7 19. Bxf7+ Kf8 20. Bxe8 Qxe8 21.
Qxe8+ Kxe8 22. cxd4 Nb6 23. Nd2 Be6 24. Ne4 Ke7 25. Nd6 Rb8 26. Rab1 Nf5 27.
Nxf5+ Bxf5 28. Rbc1 Nd5 29. Rfe1 Ke6 30. h3 Bd3 31. Red1 Bb5 32. Rd2 Rd8 33. f3
Rd7 34. Bf2 Nf4 35. Rcc2 Nd5 36. Rb2 Ba4 37. g3 Bb5 38. Rbc2 Ba4 39. Rc1 Bb5 40.
Kg2 Ba4 41. Re1 Bb5 42. Be3 Rf7 43. Rf2 Bd3 44. f4 Be4+ 45. Kg1 gxf4 46. Bxf4
Nxf4 47. Rxf4 Bd5 48. Rxf7 Kxf7 49. Kf2 a5 50. Ke3 b5 51. g4 b4 52. axb4 axb4
53. h4 b3 54. Re2 Kg6 55. Kf4 h5 56. g5 Be6 57. Rf2 Bd5 58. Ke3 Kg7 59. Kd3 Be6
60. Kc3 Bd5 61. Rb2 Kf7 62. Rxb3 Kg6 63. Rb2 Kf5 64. Rf2+ Kg4 65. g6 Kxh4 66. g7
Kg3 67. Rf8 h4 68. g8=Q+ Bxg8 69. Rxg8+ Kf2 70. e6 h3 71. e7 h2 72. Rh8 Kg2 73.
Rxh2+ Kxh2 74. e8=Q Kg3 75. Qe3+ Kg4 76. Kd3 Kf5 77. Qe5+ Kg4 78. Ke4 c5 79.
dxc5 Kh4 80. Qg7 Kh3 81. Kf3 Kh4 82. Qg4# {Black checkmated} 1-0

[Event "Team 45 45 League T68"]
[Site "Internet Chess Club"]
[Date "2016.04.02"]
[Round "4"]
[White "BrerRabbit"]
[Black "Kingfisher75"]
[Result "1/2-1/2"]
[WhiteElo "1451"]
[BlackElo "1513"]
[Opening "Queen's pawn, Mason variation"]
[ECO "D00"]
[Time "19:02:13"]
[TimeControl "2700+45"]

1. d4 d5 2. Bf4 Nf6 3. e3 c5 4. c3 Qb6 5. Qb3 c4 6. Qc2 Nc6 7. b3 cxb3 8. axb3
g6 9. Bd3 Bg7 10. Nd2 O-O 11. Ngf3 Nh5 12. Bg5 Nf6 13. Bf4 Bd7 14. O-O Rac8 15.
Ne5 Nb4 16. Qb2 Nxd3 17. Nxd3 Bf5 18. Ne5 a6 19. Rfc1 Nd7 20. Ndf3 Nf6 21. Qa3
Nh5 22. Bg3 Nxg3 23. hxg3 Rc7 24. Nd2 Bxe5 25. dxe5 Bd3 26. c4 dxc4 27. Nxc4
Bxc4 28. Rxc4 Rfc8 29. Rac1 Rxc4 30. Rxc4 Rxc4 31. bxc4 Qc7 32. f4 e6 33. Qb4
Qd7 34. Kf2 h5 35. Kf3 Qd1+ 36. Kf2 Qd7 37. Kf3 Qd1+ 38. Kf2 {Game drawn by
mutual agreement} 1/2-1/2

[Event "Team 45 45 League T68"]
[Site "Internet Chess Club"]
[Date "2016.04.01"]
[Round "4"]
[White "Aquaman"]
[Black "Just-Jim"]
[Result "1-0"]
[WhiteElo "1344"]
[BlackElo "1266"]
[Opening "Réti: King's Indian attack (Barcza system)"]
[ECO "A07"]
[Time "16:00:32"]
[TimeControl "2700+45"]

1. Nf3 d5 2. g3 Bd7 3. Bg2 Bc6 4. O-O d4 5. d3 f5 6. c3 dxc3 7. Nxc3 e6 8. Re1
Nf6 9. Qc2 Bc5 10. e3 O-O 11. d4 Bb4 12. a3 Bxc3 13. bxc3 Be4 14. Qe2 Nd5 15.
Bb2 Nc6 16. Bf1 Na5 17. Ne5 g5 18. f3 Bxf3 19. Qxf3 g4 20. Qe2 c6 21. c4 Nb6 22.
c5 Na4 23. Rab1 Nb3 24. Qc4 Nd2 25. Qxa4 Nf3+ 26. Nxf3 gxf3 27. Qc4 Rf6 28. Ba1
Rg6 29. Rb2 Qh4 30. Kh1 Rxg3 31. Qxe6+ Kf8 32. Qd6+ Ke8 33. Qxg3 Qe4 34. Qe5+
Qxe5 35. dxe5 f2 36. Rxf2 {Black resigns} 1-0